 Dungeon Crawl Stone Soup version 0.20.0 (webtiles) character file.

26 Danakh the Magician (level 2, -1/21 HPs)
             Began as a Mummy Arcane Marksman on May 31, 2017.
             Slain by an adder (3 damage)
             ... on level 1 of the Dungeon.
             The game lasted 00:03:54 (647 turns).

Danakh the Magician (Mummy Arcane Marksman)          Turns: 647, Time: 00:03:55

Health: -1/21      AC:  2    Str: 13    XL:     2   Next: 89%
Magic:  5/6        EV: 12    Int: 12    God:
Gold:   93         SH:  0    Dex: 12    Spells: 4/7 levels left

rFire    . . .     SeeInvis .   w - +0 dagger (freeze)
rCold    . . .     Gourm    .   (no shield)
rNeg     + + +     Faith    .   e - +0 robe
rPois    ∞         Spirit   .   (no helmet)
rElec    .         Reflect  .   (no cloak)
rCorr    +         Harm     .   (no gloves)
MR       .....                  (no boots)
Stlth    +.........             (no amulet)
Regen    0.1/turn               i - ring of fire
MPRegen  0.1/turn               j - ring of resist corrosion

@: no status effects
A: no food or potions, fire vulnerability, cold resistance 1, negative energy
resistance 3, torment resistance, unbreathing
a: no special abilities


You were on level 1 of the Dungeon.
You were not hungry.

You visited 1 branch of the dungeon, and saw 2 of its levels.

You collected 93 gold pieces.

Inventory:

Hand Weapons
 a - a +0 hand crossbow
 w - a +0 dagger of freezing (weapon)
Missiles
 d - 24 bolts
Armour
 e - a +0 robe (worn)
Jewellery
 i - a ring of fire (left hand)
 j - a ring of resist corrosion (right hand)
Scrolls
 b - a scroll of identify {unknown}
 f - a scroll of teleportation {unknown}
 g - a scroll of remove curse {unknown}
 h - a scroll of blinking {unknown}
Books
 c - a book of Debilitation

   Spells                             Type                      Level
   a - Corona                         Hexes                        1
   b - Slow                           Hexes                        2
   c - Inner Flame                    Hexes/Fire                   3
   d - Portal Projectile              Hexes/Translocation          3
   e - Cause Fear                     Hexes                        4
   f - Leda's Liquefaction            Hexes/Earth                  4


   Skills:
 - Level 1.0 Fighting
 - Level 1.5 Crossbows
 - Level 1.5 Dodging
 * Level 3.1 Spellcasting
 + Level 3.0 Hexes


You had 4 spell levels left.
You knew the following spells:

 Your Spells              Type           Power        Failure   Level  Hunger
a - Corona                Hex            #......      7%          1    N/A
f - Slow                  Hex            #.......     11%         2    N/A

Dungeon Overview and Level Annotations

Branches:
Dungeon (2/15)

Altars:


Innate Abilities, Weirdness & Mutations

You do not eat or drink.
Your flesh is vulnerable to fire.
You are immune to poison.
Your flesh is cold resistant. (rC+)
You are immune to negative energy. (rN+++)
You are immune to unholy pain and torment.
You can survive without breathing.


Message History

You hit the adder but do no damage.
The adder is moderately wounded.
The adder barely misses you.
You closely miss the adder.
The adder is moderately wounded.
The adder closely misses you.
You closely miss the adder.
The adder is moderately wounded.
The adder completely misses you. The adder closely misses you.
You hit the adder.
The adder seems to slow down.
You freeze the adder.
The adder is severely wounded.
The adder misses you.
The adder is no longer moving slowly.
Casting: Corona
Confirm with . or Enter, or press ? or * to list all spells.
Aiming: Corona
Press: ? - help, Shift-Dir - straight line, f/p - adder
Aim: an adder (severely wounded, chance to defeat MR: 52%)
The adder struggles to resist.
The adder bites you.
You die...

#............##......###
####.######..####.......
#.######..# ###.##..
#.##......# #.##.#
#.##.###)## #....%
#.##.###.#######.....
#.##.##.......!..[...
#.##S#...########....
#.##@#..## ##....#...
#.##....####...#....#
#..............÷.>..#
####..!#####...#....#
#..........#####.#
#...######## #.# #.)(#
#########.# #...#
#.........#
#...####.#########


You could see an adder.

Vanquished Creatures
  A dart slug (D:1)
  4 bats
  A giant cockroach (D:1)
  4 goblins (D:1)
  4 hobgoblins
  A frilled lizard (D:2)
  2 kobolds (D:1)
  5 rats
22 creatures vanquished.

Notes
Turn   | Place    | Note
-------+----------+-------------------------------------------
     0 | D:1      | Danakh the Mummy Arcane Marksman began the quest for the Orb.
     0 | D:1      | Reached XP level 1. HP: 15/15 MP: 2/2
   106 | D:1      | Reached XP level 2. HP: 21/21 MP: 5/5
   112 | D:1      | Learned a level 2 spell: Slow
   638 | D:1      | HP: 1/21 [adder (1)]
   647 | D:1      | Slain by an adder

Skill      XL: |  1  2 |
---------------+-------+-----
Spellcasting   | 2 3 |  3.1
Hexes          | 3 |  3.0
Fighting       | |  1.0
Crossbows      | |  1.5
Dodging        | |  1.5

Action                   || total
-------------------------++-------
Melee: Dagger            ||    16
 Fire: Hand crossbow     ||    41
 Cast: Corona            ||     3
       Slow              ||     1
Armor: Robe              ||    10
Dodge: Dodged            ||    25
